MID
LANSING LUGNUTS @ WEST MICHIGAN WHITECAPS
04/08/2044
 
TOP OF THE 1ST
Lansing Lugnuts batting - Pitching for West Michigan Whitecaps : LHP Edwin Pacheco
Pitching: LHP Edwin Pacheco
Batting: RHB Bryan Westray 0-0: Called Strike
0-1: SINGLE (Flyball, 9LS, EV 95.0 MPH)
Batting: RHB Finn Ross 0-0: Called Strike
0-1: Called Strike
0-2: Fielders Choice at 2nd, 5-4 (Groundball, 56, EV 100.6 MPH)
Batting: RHB Kyle Silveira 0-0: Called Strike
0-1: Ball
1-1: Ball
2-1: SINGLE (Line Drive, 6MD, EV 95.6 MPH)
Finn Ross to second
Batting: LHB David Ramirez 0-0: Called Strike
0-1: Ball
1-1: Ball
Wild Pitch!
Finn Ross to third
Kyle Silveira to second
2-1: Ground out 6-3 (Groundball, 6, EV 85.0 MPH)
Finn Ross scores
Kyle Silveira to third
Batting: RHB Tony Stedman 0-0: Called Strike
0-1: Ball
1-1: Called Strike
1-2: Ball
2-2: Foul Ball, location: 2F
2-2: Foul Ball, location: 2F
2-2: Ball
3-2: Base on Balls
Batting: SHB Jose Garcia 0-0: Called Strike
0-1: Fly out, F9 (Flyball, 89XD, EV 103.1 MPH)
Top of the 1st over - 1 run, 2 hits, 0 errors, 2 left on base; Lansing 1 - West Michigan 0
BOTTOM OF THE 1ST
West Michigan Whitecaps batting - Pitching for Lansing Lugnuts : RHP Edward Saunders
Pitching: RHP Edward Saunders
Batting: LHB Jeff Trapp 0-0: Called Strike
0-1: Ball
1-1: Foul Ball, location: 2F
1-2: Ball
2-2: Strikes out swinging
Batting: RHB Aaron Cusick 0-0: Ball
1-0: Ball
2-0: Called Strike
2-1: Foul Ball, location: 2F
2-2: SINGLE (Groundball, 6MD, EV 105.0 MPH)
Batting: RHB Dan Becvar 0-0: Ball
1-0: Called Strike
1-1: Ball
2-1: Foul Ball, location: 2F
2-2: Ball
3-2: Strikes out swinging
Aaron Cusick steals 2nd base
Batter strikes out.
Batting: RHB Bill Cabrera 0-0: Ball
1-0: Called Strike
1-1: Ball
2-1: Called Strike
2-2: Ball
3-2: Strikes out swinging
Bottom of the 1st over - 0 runs, 1 hit, 0 errors, 1 left on base; Lansing 1 - West Michigan 0
TOP OF THE 2ND
Lansing Lugnuts batting - Pitching for West Michigan Whitecaps : LHP Edwin Pacheco
Batting: RHB Ivan Ramirez 0-0: DOUBLE (Groundball, 5L, EV 93.8 MPH)
Batting: RHB B.J. Worthy 0-0: Ball
1-0: Ball
2-0: Called Strike
2-1: Ball
3-1: Foul Ball, location: 2F
3-2: SINGLE (Line Drive, 6MD, EV 98.1 MPH)
Ivan Ramirez to third
Batting: LHB Roger Escareno 0-0: Called Strike
0-1: Foul Ball, location: 2F
0-2: Fly out, F8 (Flyball, 89S, EV 71.9 MPH)
Batting: RHB Bryan Westray 0-0: Called Strike
0-1: Foul Ball, location: 2F
0-2: Ball
1-2: Ball
2-2: Ball
3-2: Fielders Choice at 2nd, 6-4 (Groundball, 6, EV 83.8 MPH)
Ivan Ramirez scores
Batting: RHB Finn Ross 0-0: Ball
1-0: Called Strike
1-1: Ball
2-1: Swinging Strike
2-2: SINGLE (Flyball, 8LS, EV 83.1 MPH)
Bryan Westray to second
Bryan Westray to third
Batting: RHB Kyle Silveira 0-0: Ball
1-0: Ball
2-0: Foul Ball, location: 2F
2-1: Ball
3-1: Base on Balls
Finn Ross to second
Batting: LHB David Ramirez 0-0: Fly out, F7 (Flyball, 7, EV 85.0 MPH)
Top of the 2nd over - 1 run, 3 hits, 0 errors, 3 left on base; Lansing 2 - West Michigan 0
BOTTOM OF THE 2ND
West Michigan Whitecaps batting - Pitching for Lansing Lugnuts : RHP Edward Saunders
Batting: RHB Jon Pierce 0-0: Called Strike
0-1: Called Strike
0-2: Ground out 4-3 (Groundball, 4S, EV 67.5 MPH)
Batting: RHB Sergio Valbuena 0-0: Ball
1-0: Ball
2-0: Foul Ball, location: 2F
2-1: Ball
3-1: Foul Ball, location: 2F
3-2: Fly out, F4 (Flyball, 4D, EV 91.9 MPH)
Batting: RHB Travis Newton 0-0: Ball
1-0: Swinging Strike
1-1: Ball
2-1: Ball
3-1: Base on Balls
Batting: RHB Mike Patterson 0-0: Ball
1-0: Called Strike
1-1: Ball
2-1: Ball
3-1: SINGLE (Groundball, 56D, EV 94.4 MPH)
Travis Newton to second
Batting: RHB John Welch 0-0: Foul Ball, location: 2F
0-1: Ball
1-1: Fielders Choice at 2nd, 6-4 (Groundball, 56, EV 79.4 MPH)
Bottom of the 2nd over - 0 runs, 1 hit, 0 errors, 2 left on base; Lansing 2 - West Michigan 0
TOP OF THE 3RD
Lansing Lugnuts batting - Pitching for West Michigan Whitecaps : LHP Edwin Pacheco
Batting: RHB Tony Stedman 0-0: Called Strike
0-1: Called Strike
0-2: Foul Ball, location: 2F
0-2: Ball
1-2: Ground out 6-3 (Groundball, 6, EV 89.4 MPH)
Batting: SHB Jose Garcia 0-0: Called Strike
0-1: Ball
1-1: Ball
2-1: DOUBLE (Groundball, 5L, EV 100.0 MPH)
Batting: RHB Ivan Ramirez 0-0: Swinging Strike
0-1: Swinging Strike
0-2: Ball
1-2: Ball
2-2: Fly out, F9 (Flyball, 9D, EV 82.5 MPH)
Runner from 2nd tags up, SAFE at 3rd, no throw by RF
Batting: RHB B.J. Worthy 0-0: Fly out, F9 (Flyball, 9S, EV 90.0 MPH)
Top of the 3rd over - 0 runs, 1 hit, 0 errors, 1 left on base; Lansing 2 - West Michigan 0
BOTTOM OF THE 3RD
West Michigan Whitecaps batting - Pitching for Lansing Lugnuts : RHP Edward Saunders
Batting: LHB Jeff Trapp 0-0: Ball
1-0: Ball
2-0: Called Strike
2-1: Called Strike
2-2: Ball
3-2: Foul Ball, location: 2F
3-2: Foul Ball, location: 2F
3-2: Strikes out swinging
Batting: RHB Aaron Cusick 0-0: Swinging Strike
0-1: Swinging Strike
0-2: SINGLE (Line Drive, 8LS, EV 110.0 MPH)
Batting: RHB Dan Becvar 0-0: Ball
Aaron Cusick is caught stealing 2nd base 2-4
1-0: Ball
2-0: Ball
3-0: Base on Balls
Batting: RHB Bill Cabrera 0-0: Ball
1-0: Called Strike
1-1: Ground out 1-3 (Groundball, 15S, EV 70.0 MPH)
Bottom of the 3rd over - 0 runs, 1 hit, 0 errors, 1 left on base; Lansing 2 - West Michigan 0
TOP OF THE 4TH
Lansing Lugnuts batting - Pitching for West Michigan Whitecaps : LHP Edwin Pacheco
Batting: LHB Roger Escareno 0-0: Ball
1-0: Foul Ball, location: 2F
1-1: Foul Ball, location: 2F
1-2: Hit by Pitch
Batting: RHB Bryan Westray 0-0: Fielders Choice at 2nd, 3-6 (Groundball, 3, EV 92.5 MPH)
Batting: RHB Finn Ross 0-0: Ball
1-0: Ball
Wild Pitch!
Bryan Westray to second
2-0: Called Strike
2-1: Swinging Strike
2-2: Strikes out swinging
Batting: RHB Kyle Silveira 0-0: Ball
1-0: Ball
2-0: Fly out, F6 (Flyball, 56D, EV 88.1 MPH)
Top of the 4th over - 0 runs, 0 hits, 0 errors, 1 left on base; Lansing 2 - West Michigan 0
BOTTOM OF THE 4TH
West Michigan Whitecaps batting - Pitching for Lansing Lugnuts : RHP Edward Saunders
Batting: RHB Jon Pierce 0-0: Called Strike
0-1: Ball
1-1: Ball
2-1: Called Strike
2-2: Foul Ball, location: 2F
2-2: Ball
3-2: Base on Balls
Batting: RHB Sergio Valbuena 0-0: 2-RUN HOME RUN (Flyball, 7LD, EV 96.2 MPH), Distance : 349 ft
Batting: RHB Travis Newton 0-0: Called Strike
0-1: Swinging Strike
0-2: Foul Ball, location: 2F
0-2: Strikes out swinging
Batting: RHB Mike Patterson 0-0: Called Strike
0-1: Ball
1-1: Foul Ball, location: 2F
1-2: Ball
2-2: Strikes out swinging
Batting: RHB John Welch 0-0: Ground out 5-3 (Groundball, 56S, EV 65.0 MPH)
Bottom of the 4th over - 2 runs, 1 hit, 0 errors, 0 left on base; Lansing 2 - West Michigan 2
TOP OF THE 5TH
Lansing Lugnuts batting - Pitching for West Michigan Whitecaps : LHP Edwin Pacheco
Batting: LHB David Ramirez 0-0: Called Strike
0-1: Ball
1-1: Foul Ball, location: 2F
1-2: Strikes out swinging
Pitching: RHP Cory Weinert
Batting: RHB Tony Stedman 0-0: Foul Ball, location: 2F
0-1: Called Strike
0-2: Foul Ball, location: 2F
0-2: Strikes out swinging
Batting: SHB Jose Garcia 0-0: Called Strike
0-1: Ball
1-1: Ball
2-1: Foul Ball, location: 2F
2-2: Fly out, F9 (Flyball, 9, EV 95.0 MPH)
Top of the 5th over - 0 runs, 0 hits, 0 errors, 0 left on base; Lansing 2 - West Michigan 2
BOTTOM OF THE 5TH
West Michigan Whitecaps batting - Pitching for Lansing Lugnuts : RHP Edward Saunders
Batting: LHB Jeff Trapp 0-0: Foul Ball, location: 2F
0-1: Ball
1-1: Ball
2-1: Ball
3-1: Called Strike
3-2: Base on Balls
Batting: RHB Aaron Cusick 0-0: Ball
Jeff Trapp steals 2nd base
1-0: Foul Ball, location: 2F
1-1: Called Strike
1-2: Foul Ball, location: 2F
1-2: Strikes out swinging
Batting: RHB Dan Becvar 0-0: Fly out, F9 (Flyball, 9S, EV 94.4 MPH)
Batting: RHB Bill Cabrera 0-0: Called Strike
0-1: Foul Ball, location: 2F
0-2: Ball
1-2: Ground out 5-3 (Groundball, 56, EV 108.1 MPH)
Bottom of the 5th over - 0 runs, 0 hits, 0 errors, 1 left on base; Lansing 2 - West Michigan 2
TOP OF THE 6TH
Lansing Lugnuts batting - Pitching for West Michigan Whitecaps : RHP Cory Weinert
Pinch Hitting: LHB Dan Martinez 0-0: Foul Ball, location: 2F
0-1: Ball
1-1: Ball
2-1: TRIPLE (Flyball, 78XD, EV 103.8 MPH)
Batting: RHB B.J. Worthy 0-0: Ball
Wild Pitch!
Dan Martinez scores
1-0: Ball
2-0: Called Strike
2-1: SINGLE (Line Drive, 89S, EV 91.9 MPH)
Batting: LHB Roger Escareno 0-0: Ball
1-0: Ball
2-0: Ball
3-0: Called Strike
3-1: Ground out U3 (Groundball, 3, EV 100.6 MPH)
B.J. Worthy to second
Batting: RHB Bryan Westray 0-0: Foul Ball, location: 2F
0-1: Called Strike
0-2: Ground out 5-3 (Groundball, 5S, EV 62.5 MPH)
B.J. Worthy to third
Batting: RHB Finn Ross 0-0: Ball
1-0: Single, Error in OF, E7, batter to second base (Groundball, 56, EV 96.9 MPH)
B.J. Worthy scores
Batting: RHB Kyle Silveira 0-0: Called Strike
0-1: Swinging Strike
0-2: Ball
1-2: Ball
2-2: Ball
3-2: Fly out, F8 (Flyball, 8LS, EV 82.5 MPH)
Top of the 6th over - 2 runs, 3 hits, 1 error, 1 left on base; Lansing 4 - West Michigan 2
BOTTOM OF THE 6TH
West Michigan Whitecaps batting - Pitching for Lansing Lugnuts : RHP Edward Saunders
Now at 1B: Jose Garcia
Now at SS: Darren McCarty Jr.
Batting: RHB Jon Pierce 0-0: Swinging Strike
0-1: Swinging Strike
0-2: Strikes out swinging
Batting: RHB Sergio Valbuena 0-0: Ball
1-0: Swinging Strike
1-1: Foul Ball, location: 2F
1-2: Strikes out swinging
Pitching: RHP Jordan Jacobo
Batting: RHB Travis Newton 0-0: SOLO HOME RUN (Flyball, 7D, EV 98.1 MPH), Distance : 374 ft
Batting: RHB Mike Patterson 0-0: Swinging Strike
0-1: Foul Ball, location: 2F
0-2: Ball
1-2: Ball
2-2: Strikes out looking
Bottom of the 6th over - 1 run, 1 hit, 0 errors, 0 left on base; Lansing 4 - West Michigan 3
TOP OF THE 7TH
Lansing Lugnuts batting - Pitching for West Michigan Whitecaps : RHP Cory Weinert
Batting: LHB David Ramirez 0-0: Foul Ball, location: 2F
0-1: Swinging Strike
0-2: Ball
1-2: Ball
2-2: Ball
3-2: Foul Ball, location: 2F
3-2: Foul Ball, location: 2F
3-2: Foul Ball, location: 2F
3-2: Ground out U3 (Groundball, 3L, EV 82.5 MPH)
Batting: RHB Tony Stedman 0-0: Ball
1-0: Swinging Strike
1-1: Foul Ball, location: 2F
1-2: Foul Ball, location: 2F
1-2: DOUBLE (Flyball, 8RXD, EV 101.9 MPH)
Batting: SHB Jose Garcia 0-0: Foul Ball, location: 2F
0-1: Foul Ball, location: 2F
0-2: Foul Ball, location: 2F
0-2: Ball
1-2: Ground out 4-3 (Groundball, 4, EV 89.4 MPH)
Tony Stedman to third
Batting: RHB Darren McCarty Jr. 0-0: Foul Ball, location: 2F
0-1: Called Strike
0-2: Strikes out looking
Top of the 7th over - 0 runs, 1 hit, 0 errors, 1 left on base; Lansing 4 - West Michigan 3
BOTTOM OF THE 7TH
West Michigan Whitecaps batting - Pitching for Lansing Lugnuts : RHP Jordan Jacobo
Batting: RHB John Welch 0-0: Called Strike
0-1: Ball
1-1: Called Strike
1-2: Ball
2-2: Strikes out looking
Batting: LHB Jeff Trapp 0-0: Ball
1-0: Fly out, F8 (Flyball, 89D, EV 100.0 MPH)
Batting: RHB Aaron Cusick 0-0: Foul Ball, location: 2F
0-1: Ball
1-1: Ground out 6-3 (Groundball, 6, EV 90.6 MPH)
Bottom of the 7th over - 0 runs, 0 hits, 0 errors, 0 left on base; Lansing 4 - West Michigan 3
TOP OF THE 8TH
Lansing Lugnuts batting - Pitching for West Michigan Whitecaps : RHP Cory Weinert
Pitching: RHP Luke Totzke
Batting: RHB B.J. Worthy 0-0: Ball
1-0: Ground out 4-3 (Groundball, 34, EV 103.8 MPH)
Batting: LHB Roger Escareno 0-0: Foul Ball, location: 2F
0-1: Swinging Strike
0-2: Ball
1-2: Ball
2-2: Strikes out swinging
Batting: RHB Bryan Westray 0-0: Ball
1-0: Swinging Strike
1-1: Ground out 5-3 (Groundball, 56, EV 96.9 MPH)
Top of the 8th over - 0 runs, 0 hits, 0 errors, 0 left on base; Lansing 4 - West Michigan 3
BOTTOM OF THE 8TH
West Michigan Whitecaps batting - Pitching for Lansing Lugnuts : RHP Jordan Jacobo
Pitching: RHP Jordan Tejeda
Batting: RHB Dan Becvar 0-0: Called Strike
0-1: Called Strike
0-2: Ground out U3 (Groundball, 3, EV 89.4 MPH)
Batting: RHB Bill Cabrera 0-0: Called Strike
0-1: Swinging Strike
0-2: Strikes out looking
Batting: RHB Jon Pierce 0-0: Called Strike
0-1: Ball
1-1: Foul Ball, location: 2F
1-2: Ball
2-2: Ball
3-2: Strikes out swinging
Bottom of the 8th over - 0 runs, 0 hits, 0 errors, 0 left on base; Lansing 4 - West Michigan 3
TOP OF THE 9TH
Lansing Lugnuts batting - Pitching for West Michigan Whitecaps : RHP Luke Totzke
Batting: RHB Finn Ross 0-0: Ball
1-0: Ball
2-0: Foul Ball, location: 2F
2-1: Ball
3-1: SINGLE (Line Drive, 4M, EV 100.0 MPH)
Batting: RHB Kyle Silveira
Batting: SHB Joel Baker 0-0: Ball
1-0: Ball
2-0: Foul Ball, location: 2F
2-1: Foul Ball, location: 2F
2-2: 2-RUN HOME RUN (Flyball, 89XD, EV 105.0 MPH), Distance : 403 ft
Batting: LHB David Ramirez 0-0: Ball
1-0: Foul Ball, location: 2F
1-1: Ball
2-1: Foul Ball, location: 2F
2-2: DOUBLE (Flyball, 78XD, EV 91.9 MPH)
Batting: RHB Tony Stedman 0-0: Fly out, F9 (Flyball, 9, EV 76.2 MPH)
Batting: SHB Jose Garcia 0-0: Intentional Walk
Batting: RHB Darren McCarty Jr. 0-0: Ball
1-0: Ball
2-0: Ball
3-0: Called Strike
3-1: Foul Ball, location: 2F
3-2: 3-RUN HOME RUN (Flyball, 7LD, EV 95.0 MPH), Distance : 341 ft
Pitching: RHP Bobby Kosmicki
Batting: RHB B.J. Worthy 0-0: Foul Ball, location: 2F
0-1: Foul Ball, location: 2F
0-2: Ball
1-2: Ball
2-2: Foul Ball, location: 2F
2-2: Ground out 4-3 (Groundball, 4, EV 83.1 MPH)
Batting: LHB Roger Escareno 0-0: Foul Ball, location: 2F
0-1: Fly out, F9 (Flyball, 9S, EV 91.2 MPH)
Top of the 9th over - 5 runs, 4 hits, 0 errors, 0 left on base; Lansing 9 - West Michigan 3
BOTTOM OF THE 9TH
West Michigan Whitecaps batting - Pitching for Lansing Lugnuts : RHP Jordan Tejeda
Batting: RHB Sergio Valbuena 0-0: Ball
1-0: Ball
2-0: Ball
3-0: Called Strike
3-1: Base on Balls
Batting: RHB Travis Newton 0-0: Swinging Strike
0-1: Called Strike
0-2: Strikes out swinging
Batting: RHB Mike Patterson 0-0: Ball
1-0: Ball
2-0: Ball
3-0: Grounds into double play, 5-4-3 (Groundball, 5, EV 81.2 MPH)
Bottom of the 9th over - 0 runs, 0 hits, 0 errors, 0 left on base; Lansing 9 - West Michigan 3
Thursday, March 31st , 2022 - OOTP Baseball 22.12 Build 89